 Dungeon Crawl Stone Soup version 0.30-a0-643-g638baaf3f0 (webtiles) character file.

Game seed: 3043640216146991988

1078 Dirtsage the Changer (level 8, -2/57 HPs)
             Began as an Octopode Transmuter on Jan 16, 2023.
             Killed from afar by a steam dragon (27 damage)
             ... with a ball of steam
             ... on level 6 of the Dungeon.
             The game lasted 00:10:43 (4568 turns).

Dirtsage the Changer (Octopode Transmuter)          Turns: 4568, Time: 00:10:44

Health: -2/57      AC: 12    Str:  9    XL:     8   Next: 29%
Magic:  8/11       EV: 10    Int: 23    God:
Gold:   183        SH:  0    Dex: 13    Spells: 4/11 levels left

rFire   x . .      SeeInvis .      - Unarmed
rCold   + + +      Faith    .    (shield currently unavailable)
rNeg    . . .      Spirit   .    (helmet currently unavailable)
rPois   +          Reflect  .    (no amulet)
rElec   .          Harm     .    y - +4 ring of protection
rCorr   .          Rampage  .    A - +6 ring of intelligence
Will    .....                    (no ring)
Stlth   +                        (no ring)
HPRegen 0.29/turn                (no ring)
MPRegen 0.12/turn                (no ring)
                                 (no ring)
                                 (no ring)

@: ice-form
A: freezing attack, boosted hp, almost no armour, amphibious, 8 rings, large,
(camouflage 1), (gelatinous body 1), (nimble swimmer 1), (tentacles)
a: End Transformation


You were on level 6 of the Dungeon.
You were a creature of crystalline ice.
You visited 1 branch of the dungeon, and saw 6 of its levels.

You collected 263 gold pieces.
You spent 80 gold pieces at shops.

Inventory:

Missiles
 r - 2 throwing nets
Armour
 o - an orb of energy
Magical Staves
 B - a staff of fire
Jewellery
 y - a +4 ring of protection (left front paw)
 A - a +6 ring of intelligence (right front paw)
Wands
 e - a wand of flame (9)
Scrolls
 f - a scroll of noise {unknown}
 g - 3 scrolls of poison {unknown}
 i - 4 scrolls of vulnerability {unknown}
 j - 3 scrolls of identify {unknown}
 m - 2 scrolls of fog {unknown}
 n - a scroll of teleportation {unknown}
 t - 2 scrolls of immolation {unknown}
 v - a scroll of enchant armour {unknown}
 w - 3 scrolls of blinking {unknown}
 x - a scroll of summoning {unknown}
Potions
 a - a potion of might {unknown}
 b - a potion of attraction {unknown}
 c - a potion of flight {unknown}
 d - a potion of cancellation {unknown}
 h - a potion of berserk rage {unknown}
 k - a potion of mutation {unknown}
 l - 2 potions of heal wounds
 p - 2 potions of resistance {unknown}
 q - 4 potions of curing
 s - a potion of invisibility {unknown}
 u - 2 potions of brilliance {unknown}
 z - 2 potions of degeneration {unknown}


   Skills:
 - Level 1.0 Fighting
 - Level 2.0 Dodging
 - Level 3.0 Unarmed Combat
 - Level 2.0 Spellcasting
 * Level 6.9 Transmutations
 * Level 6.5 Ice Magic


You had 4 spell levels left.
You knew the following spells:

 Your Spells              Type           Power      Damage    Failure   Level
a - Beastly Appendage     Tmut           68%        N/A       1%          1
b - Wereblood             Tmut           34%        N/A       1%          2
c - Ice Form              Ice/Tmut       33%        N/A       8%          4

Your spell library contained the following spells:

 Spells                   Type           Power      Damage    Failure   Level
 Spider Form              Tmut/Pois      18%        N/A       10%         3
 Blink                    Tloc           4%         N/A       19%         2
 Lesser Beckoning         Tloc           4%         N/A       19%         2
 Momentum Strike          Conj/Tloc      4%         3d8       19%         2
 Static Discharge         Conj/Air       4%         2-3/arc   19%         2
 Gell's Gravitas          Tloc           2%         N/A       36%         3
 Teleport Other           Tloc           2%         N/A       36%         3
 Vhi's Electric Charge    Tloc/Air       4%         N/A       36%         3
 Arcjolt                  Conj/Air       1%         1d11      98%         5
 Lightning Bolt           Conj/Air       1%         1d12      98%         5
 Dispersal                Tloc           1%         N/A       100%        6


Dungeon Overview and Level Annotations

Branches:
Dungeon (6/15)             Temple (0/1) D:5

Altars:
Fedhas
Hepliaklqana
Makhleb
Uskayaw
Yredelemnul

Shops:
D:3 !


Innate Abilities, Weirdness & Mutations

You are a creature of crystalline ice.
You have a powerful freezing melee attack.
Your maximum health is increased.
Your armour is entirely melded.
You are incapable of wielding weapons or throwing items.
You cannot wear most types of armour.
You are amphibious.
You can wear up to eight rings at the same time.
((Your skin changes colour to match your surroundings (Stealth+).))
((Your rubbery body absorbs attacks. (AC +1, EV +1)))
((You are camouflaged when in or above water. (Stealth+)))
((You have tentacles for arms and can constrict up to eight enemies at once.))


Message History

You now have 48/48 hp.
You feel clever.
A - a +6 ring of intelligence (right tentacle)
B - a staff of fire You see here a +0 plate armour.
You see here 7 stones.
There is a shaft here.
Found a stone staircase leading down.
A steam dragon comes into view.
You see here a +0 short sword.
Casting: Ice Form (dangerous; 8% risk of failure)
Confirm with . or Enter, or press ? or * to list all spells.
You turn into a creature of crystalline ice.
The steam dragon hisses angrily.
Health restored: 57 You now have 7/11 mp.
The steam dragon breathes steam at you. The ball of steam hits you!!
The steam scalds you terribly!
You take 21 damage, and have 36/57 hp.
MASSIVE DAMAGE!!
You hit the steam dragon. You freeze the steam dragon.
The steam dragon is moderately wounded.
You are engulfed in a cloud of scalding steam.
The steam dragon bites you. The steam dragon claws you.
You take 9 damage, and have 27/57 hp.
The steam dragon barely misses you. x2
You hit the steam dragon. You freeze the steam dragon.
The steam dragon is heavily wounded.
The steam dragon breathes steam at you. The ball of steam hits you.
The steam scalds you terribly! The steam dragon bites you.
The steam dragon barely misses you.
You take 4 damage, and have 24/57 hp.
You hit the steam dragon but do no damage.
The steam dragon is heavily wounded.
The steam dragon bites you but does no damage.
The steam dragon claws you but does no damage.
You hit the steam dragon but do no damage.
The steam dragon is heavily wounded.
The steam dragon breathes steam at you. The ball of steam hits you!!
The steam scalds you terribly!
You die...

##### ....# ##### # # #
######### ############.
........####....D.......
####........).>§Y.......
#.###################
#.# #.# #.# #.# ## #.#
.###.# ..##.#


You could see a steam dragon (catching breath).

Vanquished Creatures
  Sigmund (D:5)
  Duvessa (D:4)
  An ogre (D:6)
  A phantom (D:3)
  A necrophage (D:6)
  2 scorpions (D:4)
  Dowan (D:4)
  A howler monkey (D:5)
  2 jellies
  3 orc priests (D:5)
  An iguana (D:5)
  An orc wizard (D:5)
  3 gnolls (D:3)
  4 adders
  A shadow imp (D:5)
  A white imp (D:6)
  3 dart slugs
  9 orcs
  5 endoplasms
  2 giant cockroaches
  9 hobgoblins
  8 jackals
  10 kobolds
  8 quokkas
  6 ball pythons
  16 bats
  5 frilled lizards
  2 goblins (D:2)
  8 rats
116 creatures vanquished.

Notes
Turn   | Place    | Note
-------+----------+-------------------------------------------
     0 | D:1      | Dirtsage the Octopode Transmuter began the quest for the
                  | Orb.
     0 | D:1      | Reached XP level 1. HP: 13/13 MP: 3/3
   137 | D:1      | Reached skill level 1 in Ice Magic
   137 | D:1      | Reached XP level 2. HP: 12/18 MP: 5/5
   991 | D:2      | Reached XP level 3. HP: 19/23 MP: 6/6
  1217 | D:2      | Learned a level 2 spell: Wereblood
  1558 | D:2      | Found a faded altar of an unknown god.
  1814 | D:3      | Noticed a phantom
  1821 | D:3      | Killed a phantom
  1822 | D:3      | Reached XP level 4. HP: 28/28 MP: 7/7
  1822 | D:3      | Reached XP level 5. HP: 33/33 MP: 8/8
  1936 | D:3      | Found Uxuyly's Distillery.
  1956 | D:3      | Bought a potion of heal wounds for 50 gold pieces
  1956 | D:3      | Bought a potion of curing for 30 gold pieces
  2151 | D:3      | Learned a level 4 spell: Ice Form
  2796 | D:4      | Reached XP level 6. HP: 38/38 MP: 7/9
  3140 | D:4      | Noticed Duvessa
  3140 | D:4      | Noticed Dowan
  3151 | D:4      | Killed Duvessa
  3152 | D:4      | Reached skill level 5 in Transmutations
  3152 | D:4      | Reached XP level 7. HP: 43/43 MP: 4/10
  3157 | D:4      | Killed Dowan
  3158 | D:4      | Reached skill level 5 in Ice Magic
  3232 | D:4      | Found a burning altar of Makhleb.
  3235 | D:4      | Found a blossoming altar of Fedhas.
  3236 | D:4      | Found a hazy altar of Hepliaklqana.
  3499 | D:5      | Entered Level 5 of the Dungeon
  3749 | D:5      | Noticed Sigmund
  3761 | D:5      | Killed Sigmund
  3768 | D:5      | Found a staircase to the Ecumenical Temple.
  3816 | D:5      | Found a hide-covered altar of Uskayaw.
  4075 | D:5      | Reached XP level 8. HP: 44/48 MP: 11/11
  4136 | D:5      | Found a basalt altar of Yredelemnul.
  4568 | D:6      | Killed from afar by a steam dragon

Illustrated notes

Levels and vault maps discovered:
D:1:      minmay_arrival_open_corners, layout_loops_ring
D:2:      layout_loops_ring, hellmonk_ecumenical_altar_heavens_door,
          minmay_pentomino_x2
D:3:      layout_basic, serial_shops, nicolae_square_shop,
          minmay_misc_feat_enclosed
D:4:      dreamdust_elfheim, layout_loops_ring, minitemple, roderic_batcave
D:5:      layout_basic, mainiacjoe_overflow_concentric_impassable,
          lemuel_round_altar, minmay_temple_entry_from_below_a, uniq_sigmund
D:6:      layout_loops_ring, grunt_temple_overflow_cloverleaf,
          minmay_misc_feat_plants, chequers_mini_garden, uniq_menkaure

Skill      XL: |  1  2  3  4  5  6  7 |
---------------+----------------------+-----
Ice Magic      | 1 3 4 6 |  6.5
Transmutations | 3 4 5 6 |  6.9
Fighting       | |  1.0
Dodging        | |  2.0
Unarmed Combat | |  3.0
Spellcasting   | |  2.0

Action                   |  1- 3 |  4- 6 |  7- 9 || total
-------------------------+-------+-------+-------++-------
Melee: Unarmed           |   106 |    99 |    94 ||   299
       Tentacles         |    17 |    11 |     5 ||    33
       Constrict         |    30 |    23 |     5 ||    58
       Kick              |     7 |    22 |     8 ||    37
       Punch             |     3 |     4 |       ||     7
 Cast: Beastly Appendage |    11 |     9 |     2 ||    22
       Wereblood         |       |     4 |     3 ||     7
       Ice Form          |       |     4 |     8 ||    12
  Use: Potion            |     1 |       |       ||     1
 Stab: Sleeping          |     9 |     1 |       ||    10
Armor: Skin              |     5 |    13 |    43 ||    61
Dodge: Dodged            |    61 |    59 |    43 ||   163

Table legend: (Time is in decaauts)
 A = Elapsed time spent in this place.
 B = Non-inter-level travel time spent in this place.
 C = Inter-level travel time spent in this place.
 D = Time resting spent in this place.
 E = Time spent auto-exploring this place.
 F = Levels seen in this place.
 G = Mean time per level.
                   A        B        C        D        E       F      G
               +--------+--------+--------+--------+--------+-----+--------+
         Total |   4548 |   4454 |     94 |     78 |   3639 |   6 |  758.0 |
       Dungeon |   4548 |   4454 |     94 |     78 |   3639 |   6 |  758.0 |
               +--------+--------+--------+--------+--------+-----+--------+

Top non-repeatable levels by time:
     D:4: 997 daAuts
     D:1: 944 daAuts
     D:5: 809 daAuts
     D:3: 799 daAuts
     D:2: 744 daAuts
     D:6: 253 daAuts
